 Dungeon Crawl Stone Soup version 0.20.0-7-g3b7b877 (webtiles) character file.

96 kraftydee the Conjurer (level 4, 0/24 HPs)
             Began as a Kobold Conjurer on May 30, 2017.
             Slain by a gnoll
             ... wielding a cursed -2 spear
              (6 damage)
             ... on level 3 of the Dungeon.
             The game lasted 00:09:02 (2220 turns).

kraftydee the Conjurer (Kobold Conjurer)            Turns: 2220, Time: 00:09:03

Health: 0/24       AC:  2    Str:  5    XL:     4   Next: 98%
Magic:  0/8        EV: 15    Int: 17    God:
Gold:   179        SH:  0    Dex: 15    Spells: 3/9 levels left

rFire    . . .     SeeInvis .   e - +0 dagger
rCold    . . .     Gourm    .   (shield restricted)
rNeg     + . .     Faith    .   a - +0 robe
rPois    .         Spirit   .   (no helmet)
rElec    .         Reflect  .   (no cloak)
rCorr    .         Harm     .   (no gloves)
MR       .....                  (no boots)
Stlth    +++.......             l - amulet of regeneration
Regen    0.5/turn               d - ring of stealth
MPRegen  0.2/turn               g - ring of positive energy

@: no status effects
A: carnivore 3
a: no special abilities


You were on level 3 of the Dungeon.
You were hungry.

You visited 1 branch of the dungeon, and saw 3 of its levels.

You collected 179 gold pieces.

Inventory:

Hand Weapons
 e - a +0 dagger (weapon)
Armour
 a - a +0 robe (worn)
Jewellery
 d - a ring of stealth (left hand)
 g - a ring of positive energy (right hand)
 i - an uncursed ring of fire {unknown}
 l - an amulet of regeneration (around neck)
Scrolls
 n - a scroll of fog {unknown}
Potions
 f - 2 potions of curing {unknown}
 j - 2 potions of heal wounds {unknown}
 k - a potion of resistance {unknown}
 m - 2 potions of ambrosia {unknown}
 o - a potion of lignification {unknown}
Books
 b - a book of Conjurations

   Spells                             Type                      Level
   a - Magic Dart                     Conjuration                  1
   b - Searing Ray                    Conjuration                  2
   c - Dazzling Spray                 Conjuration/Hexes            3
   d - Fulminant Prism                Conjuration/Hexes            4
   e - Force Lance                    Conjuration/Translocation    4
   f - Iskenderun's Mystic Blast      Conjuration                  4
Comestibles
 c - a meat ration
 h - a royal jelly


   Skills:
 + Level 0.2 Fighting
 + Level 0.3 Short Blades
 + Level 2.8 Dodging
 + Level 3.4 Stealth
 + Level 0.2 Unarmed Combat
 + Level 3.2 Spellcasting
 + Level 4.8 Conjurations


You had 3 spell levels left.
You knew the following spells:

 Your Spells              Type           Power        Failure   Level  Hunger
a - Magic Dart            Conj           ###.         2%          1    None
b - Searing Ray           Conj           ###...       3%          2    ##.....
c - Dazzling Spray        Conj/Hex       ##....       19%         3    ###....


Dungeon Overview and Level Annotations

Branches:
Dungeon (3/15)

Altars:
Elyvilon


Innate Abilities, Weirdness & Mutations

You are small and have problems with some larger weapons.
You are carnivorous and can eat meat at any time.


Message History

The gnoll is heavily wounded.
The gnoll misses you. The gnoll barely misses you.
You barely miss the gnoll.
The gnoll is heavily wounded.
The gnoll misses you.
The gnoll hits you with an enchanted spear.
You hit the gnoll.
The gnoll is severely wounded.
The gnoll hits you from afar with an enchanted spear.
The gnoll hits you with an enchanted spear!
* * * LOW HITPOINT WARNING * * *
You hit the gnoll but do no damage.
The gnoll is severely wounded.
The gnoll hits you from afar with an enchanted spear.
* * * LOW HITPOINT WARNING * * *
The gnoll barely misses you.
You hit the gnoll.
The gnoll is severely wounded.
The gnoll hits you from afar with an enchanted spear.
You die...

#.g##..#######
#.g.r......$.#
##g##..#####.#
#<.# #.# #
#..# #.#
#.##..# #.#
#.....# #.#
#.##g#### #.#
# #....g# #@#
#.###.# #g# #.
#.###g# .S
#.g...#
.#.....#####
#.###..## #
##. .. #.#


You could see 2 gnolls.

Vanquished Creatures
  4 adders
  3 dart slugs (D:1)
  A leopard gecko (D:1)
  4 giant cockroaches
  5 goblins
  7 hobgoblins
  4 jackals (D:1)
  8 kobolds
  A quokka (D:2)
  4 bats (D:1)
  3 frilled lizards
  8 rats
52 creatures vanquished.

Notes
Turn   | Place    | Note
-------+----------+-------------------------------------------
     0 | D:1      | kraftydee the Kobold Conjurer began the quest for the Orb.
     0 | D:1      | Reached XP level 1. HP: 10/10 MP: 3/3
   199 | D:1      | Reached XP level 2. HP: 5/15 MP: 0/5
   698 | D:1      | Reached XP level 3. HP: 19/19 MP: 2/6
   760 | D:1      | Learned a level 2 spell: Searing Ray
   764 | D:1      | Learned a level 3 spell: Dazzling Spray
  1274 | D:1      | Reached XP level 4. HP: 22/24 MP: 3/8
  2185 | D:3      | Found a white marble altar of Elyvilon.
  2220 | D:3      | Slain by a gnoll

Skill      XL: |  1  2  3  4 |
---------------+-------------+-----
Stealth        | 3 |  3.4
Spellcasting   | 3 |  3.2
Fighting       | |  0.2
Short Blades   | |  0.3
Dodging        | |  2.8
Unarmed Combat | |  0.2
Conjurations   | |  4.8

Action                   |  1- 3 |  4- 6 || total
-------------------------+-------+-------++-------
Melee: Unarmed           |     5 |       ||     5
       Dagger            |    20 |     8 ||    28
 Cast: Magic Dart        |    58 |    50 ||   108
       Searing Ray       |     2 |     4 ||     6
  Use: Scroll            |       |     1 ||     1
  Eat: Chunk             |     2 |     2 ||     4
Armor: Robe              |     8 |       ||     8
Dodge: Dodged            |    33 |    18 ||    51
